 Dungeon Crawl Stone Soup version 0.24.0-1-gfbc8707 (webtiles) character file.

Game seed: 16879803335438867101, levelgen mode: deterministic

73 ironleviathan89 the Cutter (level 4, 28/29 HPs)
             Began as a Kobold Berserker on Oct 27, 2019.
             Was a Follower of Trog.
             Quit the game on level 3 of the Dungeon.
             The game lasted 00:12:39 (1124 turns).

ironleviathan89 the Cutter (Kobold Berserker)       Turns: 1124, Time: 00:12:39

Health: 28/29      AC:  5    Str: 15    XL:     4   Next: 51%
Magic:  4/4        EV: 14    Int:  8    God:    Trog [*.....]
Gold:   56         SH:  0    Dex: 14    Spells: 3/3 levels left

rFire    . . .     SeeInvis .   a - +0 short sword
rCold    + . .     Gourm    .   (shield restricted)
rNeg     . . .     Faith    +   f - +0 ring mail
rPois    .         Spirit   .   (helmet restricted)
rElec    .         Reflect  .   (no cloak)
rCorr    .         Harm     .   (no gloves)
MR       .....     Rnd*Tele +   (no boots)
Stlth    +.........             h - amulet of faith
HPRegen  0.09/turn              (no ring)
MPRegen  0.09/turn              (no ring)

@: no status effects
A: small, horns 1, carnivore, cold resistance 1, high mp 1, teleportitis 1
a: Berserk, Renounce Religion


You were on level 3 of the Dungeon.
You worshipped Trog.
Trog was aware of your devotion.
You were completely stuffed.

You visited 1 branch of the dungeon, and saw 3 of its levels.

You collected 56 gold pieces.

Inventory:

Hand Weapons
 a - a +0 short sword (weapon)
 d - a +4 hand axe
Missiles
 e - 59 stones (quivered)
Armour
 b - a +0 animal skin
 f - a +0 ring mail (worn)
Jewellery
 h - an amulet of faith (around neck)
Potions
 j - a potion of mutation
Comestibles
 c - 3 rations


   Skills:
 + Level 3.8 Fighting
 + Level 4.6 Short Blades
 + Level 1.5 Throwing
 + Level 2.1 Armour
 + Level 3.2 Dodging


You had 3 spell levels left.
You didn't know any spells.
Your spell library was empty.

Dungeon Overview and Level Annotations

Branches:
Dungeon (3/15)

Altars:


Innate Abilities, Weirdness & Mutations

You are small and have problems with some larger weapons.
You are carnivorous and can eat meat at any time.
You have a pair of small horns on your head.
Your flesh is cold resistant. (rC+)
You have an increased reservoir of magic. (+10% MP)
You are occasionally teleported next to monsters.


Message History

You climb downwards.
There is a stone staircase leading up here.
You hit the hobgoblin.
You kill the hobgoblin!
Trog accepts your kill.
You start resting.
Some of the chunks of flesh in your inventory have rotted away.
You feel a little less clever now.
You start resting.
Some of the chunks of flesh in your inventory have rotted away.
All of the chunks of flesh in your inventory have rotted away.
You feel strangely unstable.
You are suddenly yanked towards some nearby monsters!
Your surroundings suddenly seem different.
A leopard gecko comes into view.
The leopard gecko hisses angrily.
A hobgoblin comes into view. It is wielding a +0 club.
The hobgoblin shouts!
You hear a bark!
The leopard gecko hisses menacingly.
Are you sure you want to abandon this character and quit the game? (Confirm with "yes".)

.. #. #.
#. #l
.#####
#....#
#@...+
#....#
#....#
.g...#
.......
#.##.#.##
.. ...#
.# +###


You could see a leopard gecko and a hobgoblin.

Vanquished Creatures
  Jessica (D:1)
  2 adders
  2 worms (D:2)
  A ball python (D:1)
  2 giant cockroaches
  4 goblins (D:1)
  2 hobgoblins
  A kobold (D:1)
  A quokka (D:2)
  5 frilled lizards
  A jackal skeleton (D:2)
  2 rats
24 creatures vanquished.

Notes
Turn   | Place    | Note
-------+----------+-------------------------------------------
     0 | D:1      | ironleviathan89 the Kobold Berserker began the quest for
                  | the Orb.
     0 | D:1      | Reached XP level 1. HP: 14/14 MP: 1/1
   400 | D:1      | Reached XP level 2. HP: 15/19 MP: 2/2
   534 | D:2      | Noticed Jessica
   564 | D:1      | Killed Jessica
   564 | D:1      | Reached skill level 1 in Throwing
   564 | D:1      | Reached XP level 3. HP: 22/23 MP: 3/3
   613 | D:2      | Reached XP level 4. HP: 26/29 MP: 4/4
   995 | D:3      | Gained mutation: You are occasionally teleported next to
                  | monsters. [potion of mutation]
   995 | D:3      | Gained mutation: You have a pair of small horns on your
                  | head. [potion of mutation]
   995 | D:3      | Gained mutation: Your flesh is cold resistant. (rC+)
                  | [potion of mutation]
   995 | D:3      | Gained mutation: You have an increased reservoir of magic.
                  | (+10% MP) [potion of mutation]
  1124 | D:3      | Quit the game

Levels and vault maps discovered:
D:1:      minmay_arrival_loop, layout_basic
D:2:      layout_rooms, minmay_misc_feat_rows, uniq_sigmund, uniq_jessica
D:3:      layout_basic, overflow_temple_1_default, uniq_terence, uniq_grinder

Skill      XL: |  1  2  3 |
---------------+----------+-----
Throwing       | 1 |  1.5
Armour         | 2 |  2.1
Dodging        | 3 |  3.2
Fighting       | |  3.8
Short Blades   | |  4.6

Action                   |  1- 3 |  4- 6 || total
-------------------------+-------+-------++-------
Melee: Short sword       |    47 |    53 ||   100
Throw: Stone             |     3 |       ||     3
Invok: Berserk           |     3 |     1 ||     4
  Use: Potion            |       |     2 ||     2
  Eat: Chunk             |     9 |     3 ||    12
Armor: Ring mail         |    13 |     7 ||    20
Dodge: Dodged            |    35 |    27 ||    62
